 Dungeon Crawl Stone Soup version 0.26-a0-639-g72c4674329 (webtiles) character file.

Game seed: 3559190876705376715

1271 Colgate the Martial Artist (level 8, -4/54 HPs)
             Began as a Merfolk Transmuter on Sept 16, 2020.
             Was a Believer of Sif Muna.
             Shot with an arrow by a centaur (15 damage)
             ... on level 5 of the Dungeon.
             The game lasted 00:33:08 (5761 turns).

Colgate the Martial Artist (Merfolk Transmuter)     Turns: 5761, Time: 00:33:09

Health: -4/54      AC:  3    Str:  8 (10) XL:     8   Next: 53%
Magic:  11/11      EV: 16    Int: 12 (15) God:    Sif Muna [**....]
Gold:   252        SH:  0    Dex: 13 (14) Spells: 8/11 levels left

rFire    . . .     SeeInvis .   a - +0 hunting sling
rCold    . . .     Faith    .   (no shield)
rNeg     . . .     Spirit   .   A - +0 robe
rPois    .         Reflect  .   l - +0 helmet (curse)
rElec    .         Harm     .   (no cloak)
rCorr    .         Rampage  .   (no gloves)
MR       .....                  (boots currently unavailable)
Stlth    +++.......             (no amulet)
HPRegen  0.18/turn              (no ring)
MPRegen  0.12/turn              (no ring)

@: very quick
A: change form in water, swift swim, stealthy swim
a: Channel Magic, Renounce Religion


You were on level 5 of the Dungeon.
You worshipped Sif Muna.
Sif Muna was pleased with you.
You visited 1 branch of the dungeon, and saw 5 of its levels.

You collected 252 gold pieces.

Inventory:

Hand Weapons
 a - a +0 hunting sling (weapon)
Missiles
 f - 40 bolts
 g - 118 stones
 m - 4 sling bullets (quivered)
 w - 10 poisoned darts
 y - 25 arrows
Armour
 b - a +0 leather armour
 e - a +0 chain mail
 h - a +0 ring mail
 l - a cursed +0 helmet (worn)
 q - a +2 pair of boots (melded)
 r - a +0 kite shield
 A - a +0 robe (worn)
Wands
 c - a wand of polymorph (8)
 B - a wand of disintegration (6)
 C - a wand of flame (9)
Scrolls
 d - 6 scrolls of teleportation {unknown}
 n - 2 scrolls of noise {unknown}
 o - 4 scrolls of identify {unknown}
 p - a scroll of remove curse {unknown}
 s - a scroll of magic mapping {unknown}
 v - a scroll of enchant armour {unknown}
 x - a scroll of blinking {unknown}
Potions
 i - a potion of might {unknown}
 j - a potion of lignification
 k - 2 potions of stabbing
 t - a potion of resistance
 u - 2 potions of curing
 z - 2 potions of cancellation {unknown}


   Skills:
 - Level 1.1 Fighting
 - Level 2.7 Throwing
 - Level 2.6 Dodging
 - Level 2.6 Stealth
 + Level 10.5 Unarmed Combat
 - Level 2.0 Spellcasting
 - Level 2.6 Transmutations


You had 8 spell levels left.
You knew the following spells:

 Your Spells              Type           Power        Failure   Level
a - Beastly Appendage     Tmut           #.....       9%          1
b - Wereblood             Tmut           #.......     14%         2

Your spell library contained the following spells:

 Spells                   Type           Power        Failure   Level
 Spider Form              Tmut/Pois      #.........   43%         3
 Ice Form                 Ice/Tmut       #.......     83%         4
 Blade Hands              Tmut           #.........   94%         5


Dungeon Overview and Level Annotations

Branches:
Dungeon (5/15)
 Temple: D:4-7

Altars:
Sif Muna


Message History

The arrow hits you!
You hear a splash.
Firing (i - inventory. (/) - cycle)
m - 6 sling bullets (quivered)
Press: ? - help, Shift-Dir - straight line, f/p - centaur
Aim: a centaur, wielding a +0 shortbow and quivering 17 arrows (heavily wounded)
You shoot a sling bullet. The sling bullet hits the centaur.
The centaur is heavily wounded.
The centaur shoots an arrow.
The arrow closely misses you.
You hear a splash.
Unknown command.
Firing (i - inventory. (/) - cycle)
m - 5 sling bullets (quivered)
Press: ? - help, Shift-Dir - straight line, f/p - centaur
Aim: a centaur, wielding a +0 shortbow and quivering 16 arrows (heavily wounded)
You shoot a sling bullet. The sling bullet hits the centaur.
The centaur is severely wounded.
The centaur shoots an arrow.
The arrow hits you!
* * * LOW HITPOINT WARNING * * *
You hear a splash.
The centaur shoots an arrow.
The arrow hits you!
You die...

♣♣ ####### ≈≈(♣♣#(...(##
(≈(≈(♣..≈♣..##
.....((.≈≈≈(.##
≈≈≈P≈≈.≈≈≈≈(..##
P≈≈P≈≈.≈≈≈≈≈♣..##
≈≈≈≈≈≈c(≈≈≈@(♣..##
♣♣♣≈((.≈≈≈(≈P≈♣..#
♣♣(≈.≈≈h≈≈≈≈≈≈.#
♣≈≈.≈≈≈≈≈P≈♣♣.#
♣♣≈≈.≈≈P≈≈≈≈♣♣.#
♣≈≈≈.≈≈P≈P♣♣♣..#
♣≈≈≈.≈≈≈P≈♣♣...### #####
≈≈≈≈≈≈.≈≈≈≈♣♣♣.....###.#.#
≈≈≈≈≈≈.≈P≈P♣♣.......#....##


You could see a centaur and a hound.

Vanquished Creatures
  Pikel (D:4)
  Sigmund (D:4)
  2 ogres
  2 lemures (D:4)
  A scorpion (D:4)
  A bullfrog skeleton (D:4)
  2 orc wizards
  An iguana (D:4)
  Natasha (thrice) (D:4)
  2 worker ants (D:5)
  A howler monkey zombie (D:4)
  8 adders
  2 adder skeletons (D:4)
  A worm (D:3)
  2 dart slugs (D:1)
  4 leopard geckos
  13 orcs
  4 giant cockroaches
  9 hobgoblins
  6 jackals
  A quokka (D:2)
  3 ball pythons
  8 bats
  9 frilled lizards
  3 goblins
  7 kobolds
  2 quokka skeletons
  11 rats
110 creatures vanquished.

Vanquished Creatures (others)
  13 plants
13 creatures vanquished.

Grand Total: 123 creatures vanquished

Notes
Turn   | Place    | Note
-------+----------+-------------------------------------------
     0 | D:1      | Colgate the Merfolk Transmuter began the quest for the Orb.
     0 | D:1      | Reached XP level 1. HP: 15/15 MP: 3/3
   344 | D:1      | Reached XP level 2. HP: 21/21 MP: 3/5
   369 | D:1      | Learned a level 2 spell: Wereblood
   491 | D:1      | Reached skill level 4 in Unarmed Combat
  1171 | D:1      | Reached XP level 3. HP: 22/26 MP: 4/6
  1810 | D:2      | Reached skill level 5 in Unarmed Combat
  2063 | D:2      | Found a faded altar of an unknown god.
  2076 | D:2      | Became a worshipper of Sif Muna the Loreminder
  2076 | D:2      | Reached * piety under Sif Muna
  2335 | D:2      | Reached XP level 4. HP: 28/32 MP: 3/7
  2899 | D:3      | Reached ** piety under Sif Muna
  3004 | D:3      | Reached skill level 6 in Unarmed Combat
  3166 | D:3      | Reached skill level 1 in Stealth
  3166 | D:3      | Reached XP level 5. HP: 35/37 MP: 4/8
  3762 | D:3      | Noticed an ogre
  3772 | D:3      | Killed an ogre
  3772 | D:3      | Reached XP level 6. HP: 43/43 MP: 7/9
  4361 | D:4      | Noticed Sigmund
  4366 | D:4      | Noticed Pikel
  4414 | D:4      | Killed Pikel
  4414 | D:4      | Reached skill level 9 in Unarmed Combat
  4414 | D:4      | Reached XP level 7. HP: 9/48 MP: 8/10
  4414 | D:4      | Reached XP level 8. HP: 10/54 MP: 8/11
  4439 | D:4      | Killed Sigmund
  4815 | D:4      | Reached skill level 10 in Unarmed Combat
  4921 | D:4      | Noticed Natasha
  4936 | D:4      | Killed Natasha
  5441 | D:4      | Noticed Natasha
  5453 | D:4      | Killed Natasha
  5464 | D:4      | Noticed Natasha
  5472 | D:4      | Killed Natasha
  5553 | D:5      | Entered Level 5 of the Dungeon
  5761 | D:5      | Shot with an arrow by a centaur

Illustrated notes

Levels and vault maps discovered:
D:1:      matt_arrival_grand_opening, layout_basic, hex_medium
D:2:      layout_loops_ring, chequers_ecumenical_altar_simple_redux
D:3:      layout_loops_ring, saegor_snake_ambush
D:4:      layout_loops_ring, uniq_natasha, uniq_pikel, uniq_sigmund
D:5:      layout_cave_pools, serial_bayou, serial_bayou_pond_d,
          serial_bayou_lagoon_b, serial_bayou_lagoon_a, serial_bayou_pond_a,
          uniq_blork_the_orc

Skill      XL: |  1  2  3  4  5  6  7  8 |
---------------+-------------------------+-----
Unarmed Combat | 4 5 6 9 10 | 10.5
Stealth        | 1 2 |  2.6
Throwing       | 2 |  2.7
Fighting       | |  1.1
Dodging        | |  2.6
Spellcasting   | |  2.0
Transmutations | |  2.6

Action                   |  1- 3 |  4- 6 |  7- 9 || total
-------------------------+-------+-------+-------++-------
Melee: Unarmed           |   117 |   162 |    56 ||   335
       Headbutt          |    10 |    14 |     3 ||    27
       Punch             |     3 |     2 |     1 ||     6
       Tailslap          |       |     1 |       ||     1
 Fire: Hunting sling     |       |    10 |    55 ||    65
Throw: Stone             |    49 |    54 |       ||   103
       Dart              |       |    14 |     6 ||    20
       Throwing net      |       |     1 |       ||     1
 Cast: Beastly Appendage |    29 |    21 |     7 ||    57
       Wereblood         |     2 |    10 |     3 ||    15
  Use: Potion            |       |     2 |     7 ||     9
 Stab: Sleeping          |     2 |     3 |       ||     5
       Held in net/web   |       |     1 |       ||     1
Armor: Robe              |    22 |    15 |     8 ||    45
       Skin              |       |    22 |    12 ||    34
Dodge: Dodged            |    85 |    85 |    30 ||   200

Table legend: (Time is in decaauts)
 A = Elapsed time spent in this place.
 B = Non-inter-level travel time spent in this place.
 C = Inter-level travel time spent in this place.
 D = Time resting spent in this place.
 E = Time spent auto-exploring this place.
 F = Levels seen in this place.
 G = Mean time per level.
                   A        B        C        D        E       F      G
               +--------+--------+--------+--------+--------+-----+--------+
         Total |   5705 |   5623 |     82 |      3 |   4515 |   5 | 1141.0 |
       Dungeon |   5705 |   5623 |     82 |      3 |   4515 |   5 | 1141.0 |
               +--------+--------+--------+--------+--------+-----+--------+

Top non-repeatable levels by time:
     D:1: 1700 daAuts
     D:3: 1336 daAuts
     D:4: 1330 daAuts
     D:2: 1145 daAuts
     D:5: 192 daAuts
